 Dungeon Crawl Stone Soup version 0.29.1-15-g9cfb28693d (webtiles) character file.

Game seed: 14754767659600936639

92 protoss039 the Digger (level 4, -3/33 HPs)
             Began as a Demonspawn Earth Elementalist on Mar 17, 2023.
             Slain by Grinder (7 damage)
             ... on level 3 of the Dungeon.
             The game lasted 00:03:00 (2754 turns).

protoss039 the Digger (DsEE)                        Turns: 2754, Time: 00:03:01

Health: -3/33      AC:  8    Str:  9    XL:     4   Next: 35%
Magic:  4/8        EV:  8    Int: 18    God:
Gold:   108        SH:  7    Dex: 13    Spells: 5/8 levels left

rFire   . . .      SeeInvis .   x - +1 dagger (vamp)
rCold   . . .      Faith    .   e - +0 kite shield
rNeg    . . .      Spirit   .   h - +0 ring mail
rPois   .          Reflect  .   n - +0 helmet
rElec   .          Harm     .   (no cloak)
rCorr   .          Rampage  .   p - +0 pair of gloves
Will    .....                   (no boots)
Stlth   +.........              (no amulet)
HPRegen 0.11/turn               (no ring)
MPRegen 0.11/turn               (no ring)

@: very slightly contaminated
A: rugged brown scales 1, ignite blood 1
a: no special abilities


You were on level 3 of the Dungeon.
You visited 1 branch of the dungeon, and saw 3 of its levels.

You collected 120 gold pieces.
You spent 12 gold pieces at shops.

Inventory:

Hand Weapons
 x - a +1 vampiric dagger (weapon)
Missiles
 m - 2 throwing nets
Armour
 e - a +0 kite shield (worn)
 h - a +0 ring mail (worn)
 n - a +0 helmet (worn)
 p - a +0 pair of gloves (worn)
Wands
 w - a wand of flame (8)
Scrolls
 c - a scroll of brand weapon {unknown}
 k - 2 scrolls of fog {unknown}
 l - a scroll of amnesia {unknown}
 q - a scroll of teleportation {unknown}
 r - a scroll of fear {unknown}
 s - a scroll of summoning {unknown}
 v - a scroll of vulnerability {unknown}
Potions
 a - a potion of heal wounds {unknown}
 b - a potion of magic
 d - 2 potions of might {unknown}
 g - a potion of degeneration {unknown}
 i - a potion of mutation {unknown}
 j - a potion of haste {unknown}
 o - 2 potions of flight {unknown}
 t - a potion of resistance {unknown}
 u - 2 potions of invisibility {unknown}


   Skills:
 + Level 1.7 Fighting
 * Level 1.7 Armour
 - Level 1.7 Dodging
 - Level 1.7 Stealth
 + Level 2.7 Spellcasting
 - Level 0.8 Transmutations
 + Level 3.2 Earth Magic


You had 5 spell levels left.
You knew the following spells:

 Your Spells              Type           Power      Damage    Failure   Level
a - Sandblast             Erth           28%        2d8       41%         1
b - Passwall              Tmut/Erth      7%         N/A       73%         2

Your spell library contained the following spells:

 Spells                   Type           Power      Damage    Failure   Level
 Stone Arrow              Conj/Erth      16%        3d8       95%         3
 Ozocubu's Armour         Ice            2%         N/A       99%         3
 Petrify                  Tmut/Erth      9%         N/A       100%        4
 Ozocubu's Refrigeration  Ice            1%         4d7       100%        7


Dungeon Overview and Level Annotations

Branches:
Dungeon (3/15) Zot: 15204

Altars:

Shops:
D:2 *

Annotations:
D:3 Grinder


Innate Abilities, Weirdness & Mutations

You are partially covered in rugged brown scales. (AC +1, +3% HP)
Your demonic aura sometimes causes spilled blood to erupt in flames.


Message History

Casting: Sandblast (safe; 41% risk of failure)
Confirm with . or Enter, or press ? or * to list all spells.
Aiming: Sandblast (safe; 41% risk of failure)
Press: ? - help, Shift-Dir - straight line, f/p - Grinder
Aim: Grinder (80% to hit)
You miscast Sandblast.
Nothing appears to happen.
Grinder hits you.
Unknown command.
Unknown command.
Casting: Sandblast (safe; 41% risk of failure)
Confirm with . or Enter, or press ? or * to list all spells.
Aiming: Sandblast (safe; 41% risk of failure)
Press: ? - help, Shift-Dir - straight line, f/p - Grinder
Aim: Grinder (80% to hit)
The blast of sand hits Grinder!
Grinder is moderately wounded.
Grinder hits you.
* * * LOW HITPOINT WARNING * * *
You writhe in agony.
* * * LOW HITPOINT WARNING * * *
Unknown command.
You hit Grinder.
Grinder is moderately wounded.
Grinder barely misses you.
Unknown command.
Unknown command.
You completely miss Grinder.
Grinder is moderately wounded.
Grinder gestures at you.
You suddenly lose the ability to move!
Grinder hits you but does no damage. Grinder gestures at you.
You shrug off the repeated paralysis!
Grinder hits you but does no damage. x3
You can move again.
Unknown command.
Unknown command.
Unknown command.
You closely miss Grinder.
Grinder is moderately wounded.
Grinder hits you!
You die...

#.###.######.#.♣♣_.♣...♣
#.#...†....>...#.♣♣♣..♣♣.♣
#.......########...♣.♣♣♣.♣
##..#...### ###...♣♣♣♣.♣♣
#. #.#...# #...♣♣♣♣♣....
#.###.# #.#..♣.♣♣♣♣♣. # #.
#.####.#....♣♣..♣♣ #.#.
#.#....####....♣.. #.#.
#@)....# ###.#..# #..o
###5>...# ######
.#.#...##o......#
.......B)g##....#
....##J#### ....# # ...
....# #... ....# #....
.#### #.... .#


You could see Grinder.

Vanquished Creatures
  A jelly (D:3)
  An adder (D:2)
  2 worms (D:2)
  5 orcs
  2 endoplasms
  3 giant cockroaches
  4 goblins
  4 hobgoblins
  3 jackals (D:2)
  A ball python (D:1)
  5 bats
  3 frilled lizards
  2 kobolds
  4 rats
40 creatures vanquished.

Notes
Turn   | Place    | Note
-------+----------+-------------------------------------------
     0 | D:1      | protoss039 the Demonspawn Earth Elementalist began the
                  | quest for the Orb.
     0 | D:1      | Reached XP level 1. HP: 13/13 MP: 3/3
   527 | D:1      | Gained mutation: Your demonic aura sometimes causes spilled
                  | blood to erupt in flames. [demonic ancestry]
   527 | D:1      | Reached XP level 2. HP: 20/20 MP: 1/5
  1092 | D:1      | Learned a level 2 spell: Passwall
  1098 | D:2      | Reached skill level 1 in Fighting
  1187 | D:2      | Reached skill level 3 in Earth Magic
  1334 | D:2      | Found Odilonn's General Store.
  1339 | D:2      | Bought a scroll of noise for 12 gold pieces
  1650 | D:2      | Gained mutation: You are partially covered in rugged brown
                  | scales. (AC +1, +3% HP) [demonic ancestry]
  1650 | D:2      | Reached XP level 3. HP: 21/26 MP: 2/6
  1930 | D:2      | Reached skill level 1 in Armour
  2220 | D:3      | Reached XP level 4. HP: 32/32 MP: 1/7
  2338 | D:3      | Found a faded altar of an unknown god.
  2398 | D:3      | Noticed Grinder
  2739 | D:3      | Paralysed by Grinder for 5 turns
  2749 | D:3      | Paralysed by Grinder for 5 turns
  2754 | D:3      | Slain by Grinder

Illustrated notes

Levels and vault maps discovered:
D:1:      onia_arrival_pyramid, layout_loops_ring
D:2:      layout_loops_corners, serial_shops, shop, minmay_domino_2
D:3:      layout_rooms, nicolae_tso_carved_into_rock,
          mainiacjoe_overflow_catwalk, chequers_ecumenical_altar_grove,
          kennysheep_generic_room_4, uniq_grinder

Skill      XL: |  1  2  3 |
---------------+----------+-----
Fighting       | 1 |  1.7
Earth Magic    | 3 |  3.2
Armour         | 1 |  1.7
Dodging        | |  1.7
Stealth        | |  1.7
Spellcasting   | |  2.7
Transmutations | |  0.8

Action                   |  1- 3 |  4- 6 || total
-------------------------+-------+-------++-------
Melee: Unarmed           |     3 |       ||     3
       Dagger            |    35 |    61 ||    96
 Cast: Sandblast         |    32 |     6 ||    38
Evoke: Wand              |       |     3 ||     3
 Stab: Sleeping          |     4 |       ||     4
Armor: Robe              |     3 |       ||     3
       Leather armour    |     4 |       ||     4
       Ring mail         |     6 |    30 ||    36
Dodge: Dodged            |    20 |    25 ||    45
Block: Kite shield       |    13 |    29 ||    42
